 Dungeon Crawl Stone Soup version 0.22-a0-587-g7d32d7c (webtiles) character file.

2658 Darkshadow the Basher (level 9, -4/81 HPs)
             Began as a Minotaur Berserker on July 4, 2018.
             Was an Elder of Trog.
             Slain by Erica
             ... wielding a +0 scimitar of flaming
              (7 damage)
             ... on level 9 of the Dungeon.
             The game lasted 00:10:54 (5852 turns).

Darkshadow the Basher (Minotaur Berserker)          Turns: 5852, Time: 00:10:54

Health: -4/81      AC: 17    Str: 22    XL:     9   Next: 36%
Magic:  8/8        EV: 11    Int:  4    God:    Trog [****..]
Gold:   230        SH:  0    Dex: 13    Spells: 8/8 levels left

rFire    . . .     SeeInvis .   u - +2 flail (protect)
rCold    . . .     Gourm    .   (no shield)
rNeg     . . .     Faith    .   B - +0 chain mail
rPois    .         Spirit   .   (helmet restricted)
rElec    .         Reflect  .   (no cloak)
rCorr    .         Harm     .   (no gloves)
MR       .....                  (no boots)
Stlth    ..........             (no amulet)
HPRegen  0.23/turn              (no ring)
MPRegen  0.11/turn              (no ring)

@: confused, lethally poisoned (-4 -> -8), protection aura, slowed, very slow
A: retaliatory headbutt, horns 2
a: Berserk, Trog's Hand, Brothers in Arms, Renounce Religion


You were on level 9 of the Dungeon.
You worshipped Trog.
Trog was greatly pleased with you.
You were not hungry.

You visited 1 branch of the dungeon, and saw 7 of its levels.

You collected 230 gold pieces.

Inventory:

Hand Weapons
 a - a +0 mace
 u - a +2 flail of protection (weapon)
Armour
 b - a +0 animal skin
 h - a +0 ring mail
 j - a +0 chain mail
 B - a +0 chain mail (worn)
Jewellery
 i - an uncursed amulet of the gourmand {unknown}
 l - an uncursed ring of ice {unknown}
 y - an uncursed ring of wizardry {unknown}
 z - an uncursed ring of stealth {unknown}
 D - a cursed -3 ring of intelligence {unknown}
 I - a +2 ring of slaying {unknown}
 K - an uncursed amulet of rage {unknown}
Wands
 q - a wand of polymorph (22)
 t - a wand of iceblast (6)
 C - a wand of random effects (41)
 G - a wand of paralysis (10)
 J - a wand of flame (5)
Scrolls
 d - 9 scrolls of identify {unknown}
 f - 8 scrolls of teleportation {unknown}
 g - 3 scrolls of remove curse {unknown}
 n - 3 scrolls of fear {unknown}
 o - a scroll of amnesia {unknown}
 v - 3 scrolls of enchant armour {unknown}
 x - a scroll of enchant weapon {unknown}
 A - 2 scrolls of immolation {unknown}
 E - a scroll of random uselessness {unknown}
 H - a scroll of noise {unknown}
Potions
 e - 3 potions of brilliance {unknown}
 k - 3 potions of curing {unknown}
 m - 3 potions of ambrosia {unknown}
 p - a potion of might
 r - a potion of flight {unknown}
 s - 3 potions of haste {unknown}
 w - a potion of berserk rage {unknown}
 F - a potion of agility
Comestibles
 c - 12 rations
 L - 4 chunks of flesh


   Skills:
 + Level 7.8 Fighting
 * Level 10.2 Maces & Flails
 + Level 7.3 Armour
 + Level 6.7 Dodging


You had 8 spell levels left.
You didn't know any spells.
Your spell library was empty.

Dungeon Overview and Level Annotations

Branches:
Dungeon (6/15)             Temple (0/1) D:5

Altars:
Fedhas
Okawaru
Trog
Vehumet
Wu Jian

Shops:
D:4 }

Annotations:
D:9 Erica


Innate Abilities, Weirdness & Mutations

You reflexively headbutt those who attack you in melee.
You have a pair of horns on your head.


Message History

Erica is almost dead.
* * * LOW HITPOINT WARNING * * *
You feel sick.
Erica drinks a potion.
Erica is healed!
You sock Erica! You headbutt Erica.
Erica is almost dead.
* * * LOW HITPOINT WARNING * * *
You feel sick. Erica gestures at you while chanting.
You feel yourself slow down.
You barely miss Erica.
Erica is almost dead.
* * * LOW HITPOINT WARNING * * *
You feel sick. Erica gestures at you while chanting.
You are confused.
Erica hits you but does no damage.
* * * LOW HITPOINT WARNING * * *
You feel sick.
Erica hits you with a scimitar of flaming!
You die...

####
######..######
#............#
#...........####
##.............#
##.###....(......
###.##
##..........
##@@##
##......... #.)##
##........
#.....##
###...).. ####..
##....( ....
##.... ....≈
##... #....≈#
##.. #....# ##.
#.... ##


You could see Erica.

Vanquished Creatures
  Joseph (D:9)
  Prince Ribbit (D:5)
  Eustachio (D:5)
  Menkaure (D:6)
  Edmund (D:4)
  Duvessa (D:6)
  A black bear (D:5)
  A phantom (D:9)
  A centaur (D:5)
  5 ogres
  2 bullfrogs
  Dowan (D:6)
  A howler monkey (D:6)
  A vampire bat (D:4)
  A jelly (D:5)
  2 crimson imps
  2 hounds (D:4)
  2 centaur skeletons
  2 orc priests
  2 orc wizards (D:6)
  Ijyb (D:4)
  2 iguanas
  7 worker ants
  A howler monkey skeleton (D:4)
  10 adders
  2 adder skeletons
  An adder zombie (D:6)
  2 worms
  A dart slug (D:2)
  3 leopard geckos
  16 orcs
  4 ball pythons
  17 bats
  3 giant cockroaches
  7 goblins
  4 hobgoblins
  4 jackals (D:6)
  7 kobolds
  3 quokkas
  4 frilled lizards
  A leopard gecko skeleton (D:4)
  A leopard gecko zombie (D:5)
  9 rats
140 creatures vanquished.

Vanquished Creatures (others)
  A scorpion (D:4)
  An orc wizard (D:6)
  A worm (D:4)
3 creatures vanquished.

Grand Total: 143 creatures vanquished

Notes
Turn   | Place    | Note
-------+----------+-------------------------------------------
     0 | D:1      | Darkshadow the Minotaur Berserker began the quest for the Orb.
     0 | D:1      | Reached XP level 1. HP: 19/19 MP: 0/0
   636 | D:2      | Reached XP level 2. HP: 27/27 MP: 1/1
   746 | D:2      | Found a faded altar of an unknown god.
   755 | D:2      | Reached skill level 4 in Maces & Flails
   755 | D:2      | Reached XP level 3. HP: 26/33 MP: 2/2
  1207 | D:2      | Reached ** piety under Trog
  1516 | D:3      | Reached XP level 4. HP: 40/40 MP: 3/3
  1617 | D:3      | Found a bloodstained altar of Trog.
  1784 | D:3      | Reached XP level 5. HP: 31/47 MP: 4/4
  2117 | D:3      | Reached skill level 5 in Maces & Flails
  2245 | D:4      | Noticed Edmund
  2309 | D:4      | Found Giott's Gadget Shoppe.
  2565 | D:4      | Noticed Ijyb
  2584 | D:4      | Killed Ijyb
  2610 | D:4      | Reached XP level 6. HP: 44/55 MP: 5/5
  2704 | D:4      | Killed Edmund
  2704 | D:4      | Reached skill level 5 in Fighting
  2723 | D:4      | Found a radiant altar of Vehumet.
  2746 | D:4      | Reached skill level 6 in Maces & Flails
  3083 | D:4      | Reached *** piety under Trog
  3090 | D:4      | Reached XP level 7. HP: 61/61 MP: 6/6
  3116 | D:4      | Found a blossoming altar of Fedhas.
  3116 | D:4      | Found an ornate altar of the Wu Jian Council.
  3437 | D:5      | Entered Level 5 of the Dungeon
  3455 | D:5      | Reached skill level 7 in Maces & Flails
  3455 | D:5      | Reached skill level 5 in Armour
  3739 | D:5      | Reached skill level 5 in Dodging
  3780 | D:5      | Noticed Eustachio
  3808 | D:5      | Reached XP level 8. HP: 18/70 MP: 7/7
  3810 | D:5      | Killed Eustachio
  3810 | D:5      | Reached skill level 8 in Maces & Flails
  4157 | D:5      | Found a staircase to the Ecumenical Temple.
  4196 | D:5      | Noticed Prince Ribbit
  4202 | D:5      | Killed Prince Ribbit
  4627 | D:6      | Noticed Duvessa
  4627 | D:6      | Noticed Dowan
  4640 | D:6      | Killed Duvessa
  4643 | D:6      | Killed Dowan
  4645 | D:6      | Found an iron altar of Okawaru.
  4717 | D:6      | Reached skill level 9 in Maces & Flails
  4889 | D:6      | Reached **** piety under Trog
  5142 | D:6      | Noticed Menkaure
  5148 | D:6      | Killed Menkaure
  5148 | D:6      | Reached XP level 9. HP: 56/79 MP: 8/8
  5544 | D:6      | You fall through a shaft for 3 floors!
  5657 | D:9      | Noticed Joseph
  5673 | D:9      | Killed Joseph
  5673 | D:9      | Reached skill level 10 in Maces & Flails
  5831 | D:9      | Noticed Erica
  5852 | D:9      | HP: 3/81 [poisoned by Erica (bolt of poison)]
  5852 | D:9      | Slain by Erica

Vault maps used:
D:1:      dpeg_arrival_lava_temple_mockup
D:2:      chequers_ecumenical_altar_simple
D:3:      lemuel_crystal_altar, first_ration
D:4:      fiery_altar_vehumet, gammafunk_temple_overflow_elements, serial_shops,
          shop, grunt_ministairs_2, grunt_decor_cap, roderic_batcave, uniq_ijyb,
          uniq_edmund
D:5:      minmay_temple_entry_fiery, uniq_eustachio, uniq_prince_ribbit1
D:6:      basic_altar, uniq_duvessa, uniq_menkaure, uniq_crazy_yiuf_cottage
D:9:      grunt_temple_overflow_order_and_chaos_2,
          hangedman_little_slice_of_home, uniq_erica, uniq_joseph

Skill      XL: |  1  2  3  4  5  6  7  8  9 |
---------------+----------------------------+-----
Fighting       | 4 5 6 7 |  7.8
Maces & Flails | 4 5 6 7 9 10 | 10.2
Armour         | 3 4 5 6 7 |  7.3
Dodging        | 3 4 5 6 |  6.7

Action                   |  1- 3 |  4- 6 |  7- 9 || total
-------------------------+-------+-------+-------++-------
Melee: Mace              |    68 |   108 |       ||   176
       Headbutt          |     8 |    25 |    44 ||    77
       Flail             |       |    21 |   177 ||   198
Invok: Berserk           |     1 |     1 |     4 ||     6
       Trog's Hand       |       |     2 |     1 ||     3
  Eat: Chunk             |     2 |     7 |     7 ||    16
       Ration            |       |       |     2 ||     2
Armor: Animal skin       |     4 |       |       ||     4
       Ring mail         |     7 |       |       ||     7
       Chain mail        |    31 |    77 |    94 ||   202
Dodge: Dodged            |    42 |    65 |   101 ||   208

Table legend:
 A = Spawn XP
 B = Non-spawn XP
 C = Spawn XP percentage of total XP
 D = Spawn monster count
 E = Non-spawn monster count
 F = Spawn count percentage of total count
 G = Total turns spent on level
                    A         B        C        D         E        F      G
               +---------+---------+-------+---------+---------+-------+---------
         Total |       0 |    3798 |   0.0 |       0 |     141 |   0.0 |  5852
               +---------+---------+-------+---------+---------+-------+---------
           D:1 |       0 |       9 |   0.0 |       0 |       6 |   0.0 |   651
           D:2 |       0 |      64 |   0.0 |       0 |      23 |   0.0 |   854
           D:3 |       0 |     147 |   0.0 |       0 |      30 |   0.0 |   775
           D:4 |       0 |     699 |   0.0 |       0 |      28 |   0.0 |  1157
           D:5 |       0 |    1121 |   0.0 |       0 |      26 |   0.0 |  1182
           D:6 |       0 |     800 |   0.0 |       0 |      22 |   0.0 |   925
           D:9 |       0 |     958 |   0.0 |       0 |       6 |   0.0 |   308
               +---------+---------+-------+---------+---------+-------+---------
